Map: Torches LE

Players

ManlyManMeat

  • Race: Terran Terran
  • League: Master
  • Spawn Location: 1:00

VOD

Have the link to the VOD?

Description

Time

  • Played on: May 21, 2025, 4:11 a.m.
  • Length: 12:53
Show
View Real Time Build Order
Export as new Build Order

ManlyManMeat Terran 

Build Orders:  

Get SALT Encoding   

  12  0:00  SCV  
  13  0:22  Supply Depot  
  13  0:23  SCV  
  14  0:40  SCV  
  15  0:54  Barracks  
  15  0:57  SCV  
  16  1:02  Refinery  
  16  1:14  SCV  
  17  1:31  SCV  
  18  1:48  SCV  
  19  2:05  Orbital Command  
  19  2:09  Reaper  
  20  2:26  Command Center  
  20  2:47  SCV  
  20  2:48  Supply Depot  
  21  2:54  Marine  
  22  3:03  SCV  
  23  3:20  SCV  
  23  3:21  Factory  
  23  3:22  Barracks Reactor  
  24  3:37  SCV  
  25  4:00  Command Center  
  25  4:08  Orbital Command  
  25  4:13  SCV  
  26  4:29  Barracks  
  26  4:32  Hellion  
  26  4:36  Hellion  
  30  4:41  SCV  
  30  4:45  Barracks Tech Lab  
  30  4:46  Stimpack  
  31  4:55  SCV  
  31  5:00  Refinery, SCV  
  33  5:12  SCV  
  33  5:14  Marine  
  33  5:19  Factory Reactor, SCV  
  36  5:29  SCV  
  37  5:44  Starport  
  37  5:46  Marine  
  37  5:48  SCV  
  37  5:49  SCV  
  40  5:52  Orbital Command  
  40  5:56  Marine  
  40  5:57  Marine  
  42  6:05  SCV  
  42  6:07  SCV  
  44  6:11  Marine  
  44  6:13  Hellion x2  
  49  6:21  Marine, Supply Depot  
  49  6:22  SCV, Marine  
  49  6:24  SCV  
  49  6:28  SCV  
  54  6:34  Medivac  
  54  6:39  SCV  
  57  6:40  Marine  
  57  6:43  Hellion  
  57  6:44  SCV  
  61  6:51  Hellion, Marine  
  61  6:54  Supply Depot  
  61  6:58  Armory  
  64  7:07  Marine  
  64  7:08  Marine  
  66  7:16  Medivac  
  68  7:26  Refinery, SCV x3  
  68  7:28  Refinery  
  71  7:35  Unknown  
  71  7:46  Factory Tech Lab  
  71  7:51  SCV x3  
  71  7:52  Engineering Bay  
  71  7:54  Marine x2, Engineering Bay  
  71  7:55  Marine  
  77  8:00  Starport Reactor  
  77  8:05  Orbital Command  
  76  8:20  SCV  
  77  8:33  Barracks  
  77  8:34  Barracks  
  77  8:36  Barracks  
  77  8:56  Supply Depot  
  77  8:58  Supply Depot  
  77  8:59  Supply Depot  
  77  9:01  Hellion, SCV, Marine x3  
  83  9:21  SCV x3  
  83  9:26  Marine x3  
  89  9:31  Hellion, Supply Depot  
  89  9:34  Supply Depot  
  89  9:37  Supply Depot  
  89  9:38  SCV x3  
  94  9:42  Barracks Reactor x2  
  94  9:43  Barracks Tech Lab  
  94  9:51  Marine x2  
  94  9:55  SCV x3  
  99  10:11  SCV  
  99  10:12  SCV x2, Marine x2  
  99  10:16  Siege Tank, Marine  
  99  10:18  Medivac x2  
  112  10:28  SCV  
  113  11:01  Siege Tank  
  116  11:12  Marine x3  
  116  11:13  Marine  
  116  11:14  Marauder x2  
  116  11:17  Medivac x2  
  128  11:23  Supply Depot  
  128  11:38  Marine x2  
  128  11:39  Marine x4  
  134  11:42  SCV x2  
  134  11:43  SCV, Marine  
  134  11:44  Marine  
  139  11:53  Siege Tank  
  139  11:54  Supply Depot  
  139  11:59  SCV  
  143  12:03  Marine  
  152  12:43  Factory  
  152  12:48  Barracks  
  152  12:51  Barracks  
  152  12:52  Barracks  
Tags
 
League
Master
Matchup
Co-op
Add a new tag
Caveats
  • Supply blocks, unpowered buildings, or Contaminate may cause inaccurate times.
  • Supply counts are checked every 10 seconds.